[Event "Early-Titled-Tuesday-Blitz-October-03-2023"]
[Site "Chess.com"]
[Date "2023.10.03"]
[Round "7"]
[White "AsaHoffmann"]
[Black "tetrix83"]
[Result "0-1"]
[WhiteElo "2390"]
[BlackElo "2619"]
[TimeControl "180+1"]
[EndTime "9:19:11 PDT"]
[Termination "tetrix83 won on time"]

1. d4 Nf6 2. Bg5 c5 3. d5 d6 4. Nc3 h6 5. Bh4 a6 6. a4 e5 7. dxe6 Bxe6 8. e4 Be7 9. Bg3 O-O 10. f4 Re8 11. f5 Bd7 12. Be2 Bc6 13. Bf3 Qb6 14.
Nge2 Nbd7 15. O-O Rad8 16. Qd2 Bf8 17. Nd5 Bxd5 18. exd5 Ne5 19. Nc3 Nc4 20. Qd3 Nxb2 21. Rfb1 c4+ 22. Bf2 Qxf2+ 23. Kxf2 cxd3 24. Rxb2 dxc2 25. Rxc2 Rc8 26. Rac1 Rc4 27. Ne2 Rxa4 28. Rc7 b5 29.
R1c6 Ra2 30. h3 Ne4+ 31. Bxe4 Rxe4 32. Rc2 Rxc2 33. Rxc2 Be7 34. Kf3 Rc4 35. Ra2 Ra4 36.
Rc2 Bf6 37. Rc6 Be5 0-1

[Event "Early-Titled-Tuesday-Blitz-October-03-2023"]
[Site "Chess.com"]
[Date "2023.10.03"]
[Round "7"]
[White "RobertoJBM"]
[Black "SharapovEvgeny"]
[Result "1/2-1/2"]
[WhiteElo "2795"]
[BlackElo "2590"]
[TimeControl "180+1"]
[EndTime "9:19:13 PDT"]
[Termination "Game drawn by repetition"]

1. d4 Nf6 2. c4 e6 3. Nf3 Bb4+ 4. Bd2 c5 5. Bxb4 cxb4 6. Nbd2 O-O 7. e4 d6 8. Bd3 Nbd7 9. O-O e5 10. Re1 Qc7 11. a3 bxa3 12. Rxa3 a5 13. Nf1 b6 14. Ne3 Bb7 15. d5 Nc5 16. Nd2 Nxd3 17. Rxd3 Ba6 18. Rc3 Qb7 19. Qb3 Nd7 20. Qa3 Nc5 21. f3 b5 22. cxb5 Bxb5 23. Nb3 Nxb3 24.
Qxb3 Rfc8 25. Rec1 Rxc3 26. Qxc3 h6 27. Qc7 Qxc7 28.
Rxc7 Rb8 29. b3 g6 30. Ng4 Kg7 31. Ne3 h5 32. h4 Bd3 33. Rc3 Bb5 34. Kf2 Rb7 35.
g4 hxg4 36. fxg4 Kf6 37. g5+ Ke7 38. Ng4 Kd8 39. Ke3 Rc7 40. Kd2 Rxc3 41. Kxc3 Be2 42. Nf6 Ke7 43. Kb2 Bb5 44. Kc3 Kd8 45. Kc2 Ke7 46. Kc3 Kd8 47. Kd2 Ke7 48. Kc1 Kd8 49.
Kb2 Ke7 50. Kc3 1/2-1/2

[Event "Early-Titled-Tuesday-Blitz-October-03-2023"]
[Site "Chess.com"]
[Date "2023.10.03"]
[Round "7"]
[White "borocotoajua"]
[Black "Flaccidmoves"]
[Result "1-0"]
[WhiteElo "2604"]
[BlackElo "2460"]
[TimeControl "180+1"]
[EndTime "9:19:13 PDT"]
[Termination "borocotoajua won on time"]

1. d4 Nf6 2. Nf3 g6 3. c4 Bg7 4. g3 O-O 5. Bg2 d6 6. O-O Nc6 7. Nc3 a6 8. b3 Rb8 9. Nd5 Ne4 10. Bb2 b5 11. Rc1 bxc4 12. Rxc4 Be6 13. Rxc6 Bxd5 14. Rxa6 Ra8 15. Rxa8 Qxa8 16. a3 Ng5 17.
Qd3 Nxf3+ 18. Bxf3 Bxf3 19. exf3 c5 20. Re1 e6 21. Rd1 Rb8 22. Kg2 Qd5 23. b4 cxb4 24.
axb4 Rxb4 25. Bc3 Rb3 26. Qd2 Qc6 27. Rc1 Bf6 28. d5 1-0

[Event "Early-Titled-Tuesday-Blitz-October-03-2023"]
[Site "Chess.com"]
[Date "2023.10.03"]
[Round "7"]
[White "nitpicker"]
[Black "taleslascando"]
[Result "1-0"]
[WhiteElo "2245"]
[BlackElo "2009"]
[TimeControl "180+1"]
[EndTime "9:19:13 PDT"]
[Termination "nitpicker won by resignation"]

1. d4 Nf6 2. c4 g6 3. Nc3 Bg7 4. e4 d6 5. Be2 O-O 6. Nf3 Nc6 7. O-O e5 8. d5 Ne7 9. a4 a5 10. Ne1 Nd7 11. Nd3 f5 12. f3 f4 13. b3 g5 14. Ba3 b6 15. b4 axb4 16. Bxb4 Ng6 17. a5 Nc5 18. axb6 Rxa1 19. Qxa1 cxb6 20. Nb5 g4 21. Bxc5 g3 22. h3 bxc5 23. Rb1 Qh4 24. Bf1 Bxh3 25. gxh3 g2 26. Bxg2 Qg3 27. Qb2 Nh4 28.
Qf2 Qg5 29. Kh2 Rf6 30. Rg1 Rg6 31. Bh1 Qg3+ 32. Rxg3 fxg3+ 33. Qxg3 Rxg3 34. Kxg3 Ng6 35. Nxd6 Bh6 1-0

[Event "Early-Titled-Tuesday-Blitz-October-03-2023"]
[Site "Chess.com"]
[Date "2023.10.03"]
[Round "7"]
[White "Vision_64"]
[Black "CristianS27"]
[Result "0-1"]
[WhiteElo "2347"]
[BlackElo "2502"]
[TimeControl "180+1"]
[EndTime "9:19:14 PDT"]
[Termination "CristianS27 won by resignation"]

1. e4 e5 2. Nf3 Nc6 3. d4 exd4 4. Nxd4 Bb4+ 5. c3 Bc5 6. Nb3 Bb6 7. Qe2 d6 8. Be3 Nf6 9. N1d2 O-O 10. O-O-O Re8 11. f3 d5 12. Nc5 Qe7 13. Qf2 dxe4 14. Ndxe4 Nxe4 15. fxe4 Bg4 16. Re1 Rad8 17. Nxb7 Rb8 18. Nc5 Ne5 19. h3 Be6 20. Nxe6 Qxe6 21. b3 Red8 22. Bd4 c5 23. Bxe5 Qxe5 24. Qc2 Ba5 25. Kb2 Bxc3+ 26. Kb1 Rd2 27. Qc1 Rb2+ 28. Qxb2 Bxb2 29.
Bc4 Ba3 30. Re2 Rd8 31. Rf1 Qc3 32. Bxf7+ Kh8 33. Bc4 h6 34. Rc2 Qe5 35. Re1 a5 36. Bd5 Rxd5 0-1

[Event "Early-Titled-Tuesday-Blitz-October-03-2023"]
[Site "Chess.com"]
[Date "2023.10.03"]
[Round "7"]
[White "invisible_s0ul"]
[Black "Elbebiber"]
[Result "1-0"]
[WhiteElo "2283"]
[BlackElo "2140"]
[TimeControl "180+1"]
[EndTime "9:19:14 PDT"]
[Termination "invisible_s0ul won by resignation"]

1. d4 Nf6 2. c4 e6 3. Nc3 d5 4. Nf3 Be7 5. Bg5 O-O 6. e3 h6 7. Bh4 c5 8. cxd5 Nxd5 9. Bxe7 Qxe7 10. Nxd5 exd5 11. dxc5 Qxc5 12. Be2 Nc6 13. O-O Be6 14. Rc1 Qb4 15. b3 Rfd8 16. Qd3 Rac8 17. Rfd1 Qe7 18. h3 Qf6 19. a3 Ne5 20. Nxe5 Qxe5 21. b4 Qb2 22. Rxc8 Rxc8 23. Bf3 Rc2 24. Bxd5 Rxf2 25. Bxb7 g6 26. Be4 Bf5 27. Qd8+ Kh7 28. Qd5 Be6 29.
Qd4 Qe2 30. Bf3 Qa2 31. e4 Bxh3 32. Qxf2 Be6 33. Qxa2 Bxa2 34. Rd7 1-0

[Event "Early-Titled-Tuesday-Blitz-October-03-2023"]
[Site "Chess.com"]
[Date "2023.10.03"]
[Round "7"]
[White "Larina_Maria"]
[Black "Cheer_Down"]
[Result "1-0"]
[WhiteElo "2239"]
[BlackElo "2388"]
[TimeControl "180+1"]
[EndTime "9:19:22 PDT"]
[Termination "Larina_Maria won by resignation"]

1. e4 c5 2. Nc3 d6 3. d4 cxd4 4. Qxd4 Nc6 5. Qd2 g6 6. b3 Bh6 7. f4 Nf6 8. Bb2 O-O 9. O-O-O e5 10. g3 Bg4 11. Be2 Bxe2 12. Ngxe2 Re8 13. Rhe1 exf4 14. Nxf4 Ne5 15. Ncd5 Nxd5 16. Qxd5 Bg7 17. Kb1 Nf3 18. Bxg7 Kxg7 19. Re3 Ng5 20. h4 Ne6 21. e5 Nxf4 22.
gxf4 dxe5 23. fxe5 Qxh4 24. Qxb7 Qf4 25. Rde1 Kg8 26.
Rf3 Qg5 27. Qxf7+ Kh8 28. Rh1 h5 29. e6 Rf8 30. Qxf8+ Rxf8 31. Rxf8+ Kg7 32. Rf7+ Kg8 33. Rhf1 Qe5 34. e7 h4 35. Rf8+ Kg7 36. e8=Q 1-0

[Event "Early-Titled-Tuesday-Blitz-October-03-2023"]
[Site "Chess.com"]
[Date "2023.10.03"]
[Round "7"]
[White "HajiyevKanan"]
[Black "AlexPapasimakopoulos"]
[Result "0-1"]
[WhiteElo "2535"]
[BlackElo "2710"]
[TimeControl "180+1"]
[EndTime "9:19:23 PDT"]
[Termination "AlexPapasimakopoulos won on time"]

1. d4 e6 2. Nf3 Nf6 3. c4 c5 4.
e3 d5 5. cxd5 exd5 6. Be2 Nc6 7.
O-O Be7 8. dxc5 Bxc5 9. b3 O-O 10. Bb2 Bg4 11. h3 Bh5 12. Nh4 Bxe2 13. Qxe2 d4 14. exd4 Re8 15. Qc4 Bxd4 16. Bxd4 Qxd4 17. Na3 Rad8 18. Nf5 Qe5 19. Ng3 Qb2 20. Nb5 a6 21.
Nc7 Rf8 22. Rfb1 Qe5 23. Nxa6 Na5 24. Qf1 bxa6 25. Qxa6 Ra8 26. Qe2 Qxe2 27. Nxe2 Rfb8 28. Kf1 Nd5 29. g3 Nc6 30. a3 Na5 31. b4 Nc4 32. Ke1 Nxa3 33. Rc1 Nc2+ 34. Rxc2 Rxa1+ 35. Kd2 Nxb4 36.
Rb2 Rd8+ 37. Ke3 Ra3+ 38. Kf4 Nd3+ 0-1

[Event "Early-Titled-Tuesday-Blitz-October-03-2023"]
[Site "Chess.com"]
[Date "2023.10.03"]
[Round "7"]
[White "UK_23"]
[Black "IsuruAlahakoon"]
[Result "1/2-1/2"]
[WhiteElo "2426"]
[BlackElo "2306"]
[TimeControl "180+1"]
[EndTime "9:19:23 PDT"]
[Termination "Game drawn by repetition"]

1. e4 d5 2. exd5 Qxd5 3. Nc3 Qa5 4. d4 Nf6 5. Bd2 Bg4 6. f3 Bh5 7. Bd3 Nc6 8. Ne4 Qd5 9. Nxf6+ gxf6 10. c3 O-O-O 11. Be4 Qd6 12. Qa4 e5 13.
d5 Nb8 14. Qxa7 Bg6 15. Bxg6 hxg6 16. c4 e4 17. O-O-O Rxh2 18. Rxh2 Qxh2 19. Qf2 Nd7 20. fxe4 Bc5 21. Nf3 Qh5 22. Be3 Bxe3+ 23. Qxe3 Qg4 24. c5 Re8 25. c6 Nb6 26. cxb7+ Kxb7 27. Rd4 Qxg2 28.
Nd2 f5 29. a4 fxe4 30. a5 Nd7 31. Rb4+ Kc8 32. Qa7 Kd8 33. d6 cxd6 34. Nc4 Qf1+ 35.
Kc2 Qd3+ 36. Kc1 Qf1+ 37. Kd2 Qd3+ 38. Ke1 Qg3+ 39. Kd1 Qd3+ 40. Kc1 Qf1+ 1/2-1/2

[Event "Early-Titled-Tuesday-Blitz-October-03-2023"]
[Site "Chess.com"]
[Date "2023.10.03"]
[Round "7"]
[White "remi04"]
[Black "BashirovKemal"]
[Result "1-0"]
[WhiteElo "2862"]
[BlackElo "2662"]
[TimeControl "180+1"]
[EndTime "9:19:24 PDT"]
[Termination "remi04 won by resignation"]

1. e4 c5 2. Nf3 d6 3. d4 cxd4 4. Nxd4 Nf6 5. Nc3 a6 6. h3 e5 7. Nb3 h5 8. Bg5 Be6 9. Qd3 Nbd7 10. O-O-O Be7 11. Kb1 Rc8 12. Nd5 Bxd5 13. exd5 b5 14.
Qd2 Ne4 15. Qe3 Nxg5 16. h4 Nh7 17. Bd3 Nhf6 18. Bf5 O-O 19. Qe2 Rc4 20. f3 Nb6 21.
Na5 Rc7 22. g4 hxg4 23. fxg4 Nfxd5 24. g5 Nf4 25. Qf2 Nc4 26. Nb3 a5 27. Nc1 a4 28.
Rdg1 d5 29. Qh2 Bc5 30. Rg3 Be3 31. h5 Bxc1 32. Rxc1 b4 33. g6 f6 34. h6 Nd6 35.
hxg7 Rxg7 36. Rh1 1-0

[Event "Early-Titled-Tuesday-Blitz-October-03-2023"]
[Site "Chess.com"]
[Date "2023.10.03"]
[Round "7"]
[White "MMAHDI2013"]
[Black "Witik"]
[Result "0-1"]
[WhiteElo "2427"]
[BlackElo "2828"]
[TimeControl "180+1"]
[EndTime "9:19:24 PDT"]
[Termination "Witik won on time"]

1. c4 e5 2. Nc3 Bb4 3. Nd5 a5 4. Nf3 d6 5. a3 Bc5 6. e3 c6 7. Nc3 Ba7 8. Be2 f5 9. d4 e4 10. Nd2 Nf6 11. g4 O-O 12. Qc2 Na6 13. gxf5 Bxf5 14. Ndxe4 Nxe4 15. Nxe4 d5 16. Bd3 dxe4 17. Bxe4 Qg5 18. Bxf5 Rxf5 19. Bd2 Qg2 20. O-O-O Rxf2 21. c5 Kh8 22. Qc3 b6 23. d5 Qxd5 24. Be1 Qxh1 25.
Bxf2 Qf3 26. Rg1 Rg8 27. Bh4 Nxc5 28. Rxg7 Rxg7 29. Bf6 Qf1+ 30. Kc2 Qe2+ 31. Kb1 Qd3+ 0-1

[Event "Early-Titled-Tuesday-Blitz-October-03-2023"]
[Site "Chess.com"]
[Date "2023.10.03"]
[Round "7"]
[White "Orujov2008"]
[Black "chesskov1982"]
[Result "0-1"]
[WhiteElo "2651"]
[BlackElo "2826"]
[TimeControl "180+1"]
[EndTime "9:19:25 PDT"]
[Termination "chesskov1982 won by checkmate"]

1. e4 c6 2. d4 d5 3. Nc3 dxe4 4. Nxe4 Bf5 5. Ng3 Bg6 6. Nf3 Nf6 7. h4 h6 8. h5 Bh7 9. Bd3 Bxd3 10. Qxd3 e6 11.
Bd2 Be7 12. O-O-O O-O 13. Ne4 Nbd7 14. g4 Nxg4 15. Rhg1 f5 16. Qc4 Rf7 17. Nc3 Nf8 18. Bf4 Nxf2 19. Rde1 Ng4 20. Kb1 Bf6 21. Ne2 Qd5 22.
Qd3 Rd8 23. Bc1 c5 24. Nf4 Qd7 25. d5 e5 26. Ne6 Nxe6 27. dxe6 Qxe6 28. Qe2 e4 29. Nh2 Ne5 30. Bxh6 Nc6 31. Bc1 Nb4 32. c4 Nd3 33. Nf3 Qb6 34. Ng5 Rfd7 35. Nxe4 fxe4 36. h6 Nxc1 37. Kxc1 Rd2 38. Qxd2 Rxd2 39. Kxd2 Qxb2+ 40. Ke3 Qd4+ 41. Kf4 Qe5+ 42. Ke3 Qc3+ 43. Kf4 Qf3# 0-1

[Event "Early-Titled-Tuesday-Blitz-October-03-2023"]
[Site "Chess.com"]
[Date "2023.10.03"]
[Round "7"]
[White "MatyChess1"]
[Black "hakanazeri2"]
[Result "1-0"]
[WhiteElo "2744"]
[BlackElo "2603"]
[TimeControl "180+1"]
[EndTime "9:19:27 PDT"]
[Termination "MatyChess1 won on time"]

1. d4 Nf6 2. Bf4 d5 3. e3 c5 4. Nf3 Nc6 5. Nbd2 Bf5 6. Bb5 Qb6 7. c4 dxc4 8. a4 Bd3 9. Ne5 e6 10. Ndxc4 Bxc4 11. Nxc4 Qd8 12. a5 cxd4 13. a6 Qd5 14.
axb7 Bb4+ 15. Kf1 Rd8 16. Qa4 O-O 17. Rc1 dxe3 18. Nxe3 Qd4 19. Bg3 Nb8 20. Be2 Qxb2 21. Qc2 Qxc2 22. Rxc2 Ne4 23. Bc7 Rd7 24. Bb5 Rxc7 25.
Rxc7 Bd6 26. Rc8 Nc5 27. Nc4 Be7 28. Na5 f5 29. Bc4 Kf7 30. Ke2 Kf6 31. Rb1 1-0

[Event "Early-Titled-Tuesday-Blitz-October-03-2023"]
[Site "Chess.com"]
[Date "2023.10.03"]
[Round "7"]
[White "LionTheLeon_06"]
[Black "arminmusovic"]
[Result "1-0"]
[WhiteElo "2785"]
[BlackElo "2506"]
[TimeControl "180+1"]
[EndTime "9:19:27 PDT"]
[Termination "LionTheLeon_06 won by resignation"]

1. e4 c6 2. Nf3 d5 3. Nc3 dxe4 4. Nxe4 Nf6 5. Nxf6+ exf6 6. d4 Bd6 7. Qe2+ Be6 8. Qd3 O-O 9. Be2 Re8 10. O-O Nd7 11.
Re1 Bg4 12. Be3 Rc8 13. c4 Bb8 14. Nh4 Qc7 15. g3 Bxe2 16. Rxe2 Rcd8 17. Rae1 Nc5 18.
Qc2 Ne6 19. Nf3 Qa5 20. a3 Qh5 21. Kg2 g5 22. Qf5 Ng7 23. Qxf6 h6 24. Bxg5 hxg5 25. Rxe8+ Rxe8 26. Rxe8+ Nxe8 27. Qd8 g4 28. Qxe8+ Kg7 29. Ne5 Bd6 30. c5 Bxe5 31. Qxe5+ Qxe5 32. dxe5 Kg6 33. h3 gxh3+ 34. Kxh3 Kf5 35. f4 b5 36. Kg2 Ke4 37.
Kf2 a5 38. b4 axb4 39. axb4 Kd4 40. Kf3 Kc4 41. f5 1-0

[Event "Early-Titled-Tuesday-Blitz-October-03-2023"]
[Site "Chess.com"]
[Date "2023.10.03"]
[Round "7"]
[White "Balla_Tamas"]
[Black "Djager97"]
[Result "1-0"]
[WhiteElo "2456"]
[BlackElo "2576"]
[TimeControl "180+1"]
[EndTime "9:19:27 PDT"]
[Termination "Balla_Tamas won on time"]

1. e4 e5 2. Nf3 Nc6 3. d4 exd4 4.
Nxd4 Nf6 5. Nxc6 bxc6 6. e5 Qe7 7. Qe2 Nd5 8. h4 f6 9. Rh3 fxe5 10. c4 Ba6 11. Bd2 O-O-O 12. Qd1 Nb6 13. c5 Bxf1 14.
cxb6 Bxg2 15. bxa7 Kb7 16. Rb3+ Ka8 17. Bg5 Qf7 18.
Bxd8 Bc5 19. Qc2 d6 20. Nc3 Rxd8 21. O-O-O Qxf2 22. Qxh7 e4 23. Kb1 e3 24. Qd3 d5 25.
Qa6 Bb6 26. Na4 Qf5+ 27. Ka1 Qc2 28. Nxb6+ cxb6 29. Rb1 1-0

[Event "Early-Titled-Tuesday-Blitz-October-03-2023"]
[Site "Chess.com"]
[Date "2023.10.03"]
[Round "7"]
[White "MikaelyanArman"]
[Black "Alexei_Gubajdullin"]
[Result "0-1"]
[WhiteElo "2852"]
[BlackElo "2757"]
[TimeControl "180+1"]
[EndTime "9:19:28 PDT"]
[Termination "Alexei_Gubajdullin won by resignation"]

1. d4 Nf6 2. Nf3 g6 3. g3 Bg7 4.
Bg2 O-O 5. O-O d6 6. a4 a5 7. Nc3 Na6 8. e4 Nb4 9. Re1 c6 10. Nb1 d5 11. e5 Ne4 12. c3 Na6 13. Nh4 f6 14. exf6 exf6 15. Nd2 f5 16. Nhf3 Re8 17. Ne5 Qb6 18. Nxe4 fxe4 19. h4 Bxe5 20. dxe5 Rxe5 21.
Be3 Qd8 22. Bd4 Rf5 23. Qd2 Nc7 24. f3 exf3 25. Bh3 Rf7 26. Bxc8 Qxc8 27. Kh2 Ne6 28.
Be5 Qd7 29. Rf1 Nc5 30. Rae1 Ne4 31. Qh6 Re8 32. Bf4 Qg4 33. Re3 Rf5 34. Bc7 Rh5 35. Qf4 Rxh4+ 36. Kg1 Rh1+ 37. Kxh1 Qh3+ 0-1

[Event "Early-Titled-Tuesday-Blitz-October-03-2023"]
[Site "Chess.com"]
[Date "2023.10.03"]
[Round "7"]
[White "ploxoi"]
[Black "Aradhya2000"]
[Result "0-1"]
[WhiteElo "2469"]
[BlackElo "2698"]
[TimeControl "180+1"]
[EndTime "9:19:29 PDT"]
[Termination "Aradhya2000 won by resignation"]

1. d4 d5 2. c4 e6 3. Nf3 Nf6 4. g3 dxc4 5. Bg2 Nbd7 6. O-O c6 7. Nfd2 Nb6 8. e3 c5 9. Nxc4 cxd4 10. exd4 Be7 11. Nc3 O-O 12. Ne5 Nfd5 13. Ne4 Bd7 14. h4 Rc8 15. Bg5 f6 16. Nxd7 Qxd7 17. Bd2 Nc4 18.
Qb3 Nxd2 19. Nxd2 Rfd8 20. Rfe1 Kh8 21. Bxd5 exd5 22. Re2 Bf8 23. Rae1 b6 24. Nb1 Rc4 25. Qd3 Rdc8 26. Nc3 b5 27. h5 b4 28. Nd1 Qg4 29.
Ne3 Qxd4 30. Qf5 R4c5 31. h6 g6 32. Qe6 Bxh6 33. Rd1 Qe4 34. Nxd5 Qxe6 35. Rxe6 Rd8 36. Ne3 Rxd1+ 37. Nxd1 Rd5 38. Re1 a5 39. Kg2 Kg8 40. Rh1 Bc1 41. Re1 Kf7 42. Kf3 Rd3+ 43. Ke4 Rd2 44. Ne3 Bxb2 45. Rh1 h5 46. Rb1 Bc3 47. a3 bxa3 48. Rb7+ Ke8 49. Nd5 f5+ 50. Kf3 Rxd5 0-1

[Event "Early-Titled-Tuesday-Blitz-October-03-2023"]
[Site "Chess.com"]
[Date "2023.10.03"]
[Round "7"]
[White "Eagle_2019"]
[Black "wild3000"]
[Result "1-0"]
[WhiteElo "2685"]
[BlackElo "2431"]
[TimeControl "180+1"]
[EndTime "9:19:29 PDT"]
[Termination "Eagle_2019 won by resignation"]

1. d4 d5 2. c4 e6 3. Nf3 Nf6 4.
Nc3 Be7 5. cxd5 Nxd5 6. e4 Nxc3 7.
bxc3 c5 8. Be2 O-O 9. O-O b6 10. Be3 cxd4 11. cxd4 Bb7 12. Qb1 Nc6 13. Rd1 Na5 14. a4 Rc8 15. d5 exd5 16. exd5 Bf6 17. Ra2 Nc4 18. Bxc4 Rxc4 19. a5 Qd6 20. axb6 axb6 21.
Qd3 Rfc8 22. h3 b5 23. Ra7 Ba8 24. Ra5 b4 25. Rxa8 h6 26. Qxc4 Rxa8 27. Qc6 Qxc6 28. dxc6 Rc8 29. Nd4 Bxd4 30. Rxd4 Rxc6 31. Rxb4 f6 32. g4 Kh7 33. Kg2 Kg6 34. Rb7 Rc4 35. f4 Rc3 36. f5+ Kh7 37. Bd4 Rc6 38. Kf3 Rd6 39.
Ke4 Ra6 40. h4 Kg8 41. g5 hxg5 42. hxg5 Kh7 43. gxf6 Kg8 44. Rxg7+ Kh8 45. Rb7 Ra8 46.
f7+ 1-0

[Event "Early-Titled-Tuesday-Blitz-October-03-2023"]
[Site "Chess.com"]
[Date "2023.10.03"]
[Round "7"]
[White "FoxOnTheRun97"]
[Black "ChessQueen"]
[Result "1/2-1/2"]
[WhiteElo "2525"]
[BlackElo "2719"]
[TimeControl "180+1"]
[EndTime "9:19:30 PDT"]
[Termination "Game drawn by agreement"]

1. d4 Nf6 2. c4 e6 3. Nf3 d5 4. g3 dxc4 5. Bg2 Nc6 6. O-O Rb8 7.
a4 Be7 8. Na3 Na5 9. Rb1 Bxa3 10. bxa3 O-O 11. Ne5 Nb3 12. Bb2 Bd7 13. Nxc4 Bxa4 14.
Bc3 Nc5 15. Qc1 Nce4 16. Ba1 Nd6 17. Ne5 c6 18. Rb4 Bb5 19. Re1 a5 20. Rb1 a4 21.
Bc3 Re8 22. Bb4 Nd5 23. Bc5 f6 24. Ng4 Nf7 25. e4 Ne7 26. Ne3 b6 27. Bxe7 Rxe7 28.
Rd1 Rd7 29. d5 exd5 30. exd5 Ne5 31. dxc6 Rxd1+ 32. Qxd1 Qxd1+ 33. Nxd1 Bxc6 34. Bxc6 Nxc6 35. Nc3 b5 36. Rxb5 Rxb5 37. Nxb5 Ne5 38. Nc3 Nc4 39. Nxa4 Nxa3 40. Nc3 Nc4 1/2-1/2

[Event "Early-Titled-Tuesday-Blitz-October-03-2023"]
[Site "Chess.com"]
[Date "2023.10.03"]
[Round "7"]
[White "Ariadna_Atreides"]
[Black "rachidhuilda"]
[Result "0-1"]
[WhiteElo "2198"]
[BlackElo "2389"]
[TimeControl "180+1"]
[EndTime "9:19:32 PDT"]
[Termination "rachidhuilda won on time"]

1. d4 Nf6 2. Nf3 d5 3. e3 Bg4 4.
Nbd2 Nbd7 5. h3 Bh5 6. Be2 c6 7. Ne5 Bxe2 8. Qxe2 e6 9. b3 Nxe5 10. dxe5 Nd7 11. Bb2 Qa5 12. O-O Bb4 13. Rfd1 Bc3 14. Bxc3 Qxc3 15. f4 O-O 16. Nf3 f6 17. exf6 Nxf6 18.
Rac1 Rae8 19. a4 Nd7 20. Ng5 e5 21. Qf2 h6 22. Nf3 a6 23. g3 Nc5 24. Re1 Ne4 25.
Qg2 exf4 26. gxf4 Kh7 27. Ne5 Rf6 28. Kh2 Rxe5 29. fxe5 Qxe5+ 30. Kg1 Rg6 31. Kh1 Rxg2 32. Kxg2 Qg5+ 33. Kf1 Qg3 34. Re2 Qxh3+ 35. Rg2 Qxe3 36.
Re1 Nd2+ 0-1

[Event "Early-Titled-Tuesday-Blitz-October-03-2023"]
[Site "Chess.com"]
[Date "2023.10.03"]
[Round "7"]
[White "goldihouse"]
[Black "C_K_G"]
[Result "1-0"]
[WhiteElo "2594"]
[BlackElo "1903"]
[TimeControl "180+1"]
[EndTime "9:19:35 PDT"]
[Termination "goldihouse won on time"]

1. c4 e5 2. g3 Bc5 3. Bg2 Nc6 4. Nc3 a6 5. e3 d6 6. Nge2 Ba7 7. a3 Nge7 8. d3 Bg4 9. h3 Bh5 10. g4 Bg6 11. Ng3 Qd7 12. b4 f5 13. Qe2 O-O 14. Bd2 f4 15. Nge4 fxe3 16. fxe3 Kh8 17. Rf1 d5 18. cxd5 Nxd5 19. Rd1 Nxc3 20. Bxc3 Qe7 21. Kd2 Rad8 22. Kc1 a5 23. b5 Bxe4 24. Bxe4 Qxa3+ 25. Qb2 Bxe3+ 26. Kb1 Qxb2+ 27. Bxb2 Nd4 28. Bxb7 Nxb5 29. Bc6 Nd4 30. Be4 Rb8 31. Ka2 Rxf1 32. Rxf1 a4 33. Rf7 c5 34. Bd5 Bf4 35. Bc4 Nb3 36. Rc7 Nd2 37. Bd5 Nf1 38. Rxc5 Ne3 39. Bf3 1-0

[Event "Early-Titled-Tuesday-Blitz-October-03-2023"]
[Site "Chess.com"]
[Date "2023.10.03"]
[Round "7"]
[White "Fore_Man"]
[Black "JACK_BAU3R"]
[Result "0-1"]
[WhiteElo "2256"]
[BlackElo "2032"]
[TimeControl "180+1"]
[EndTime "9:19:35 PDT"]
[Termination "JACK_BAU3R won by checkmate"]

1. Nf3 d6 2. d4 Nf6 3. c4 Nbd7 4.
Nc3 c6 5. e4 e5 6. d5 c5 7. Bd3 h6 8. O-O Be7 9. Ne1 g5 10. g3 Nf8 11. f4 gxf4 12. gxf4 Ng6 13.
f5 Nf8 14. Kh1 Bd7 15. Nf3 N8h7 16. Bxh6 Ng4 17. Bg7 Rg8 18. f6 Nhxf6 19. Nh4 Rxg7 20. Nf5 Bxf5 21. Rxf5 Ne3 22. Qf3 Nxf5 23. exf5 Qd7 24. Re1 O-O-O 25. Nb5 Kb8 26. Bc2 a6 27. Nc3 Rh8 28.
Na4 Ng4 29. Re2 Qe8 30. Rg2 Qg8 31. Nb6 Nf6 32. Rxg7 Qxg7 33. b4 Qh6 34. Qe2 Qc1+ 35. Bd1 cxb4 36. Kg2 Qg5+ 37. Kh1 Qxf5 38. c5 dxc5 39.
Bc2 e4 40. Nc4 Ng4 41. Bxe4 Qxe4+ 42. Qxe4 Nf2+ 43. Kg2 Nxe4 44. Ne5 f6 45. Nc4 b5 46. Ne3 Nd6 47. h3 f5 48. Kf3 Rxh3+ 49. Ke2 f4 50. Ng4 Rg3 51. Ne5 Re3+ 52. Kf2 Rxe5 53. Kf3 Rxd5 54.
Kxf4 Rd4+ 55. Ke3 Rd2 56. Kxd2 c4 57. Ke3 Kc7 58. Kd4 Kc6 59. Ke5 a5 60. Kd4 a4 61.
Ke3 a3 62. Kd2 b3 63. axb3 a2 64. Kc2 a1=Q 65. Kd2 cxb3 66. Kd3 b2 67. Ke3 b1=Q 68.
Kf2 Qe4 69. Kg3 Qad4 70. Kh3 Qdd3+ 71. Kh2 Qee2+ 72. Kg1 Qdd1# 0-1

[Event "Early-Titled-Tuesday-Blitz-October-03-2023"]
[Site "Chess.com"]
[Date "2023.10.03"]
[Round "7"]
[White "pasteta13"]
[Black "Let_it_be_1"]
[Result "0-1"]
[WhiteElo "2436"]
[BlackElo "2627"]
[TimeControl "180+1"]
[EndTime "9:19:36 PDT"]
[Termination "Let_it_be_1 won on time"]

1. e4 e6 2. Nf3 d5 3. exd5 exd5 4. d4 Nf6 5. c4 Be7 6. Nc3 O-O 7. Bd3 dxc4 8.
Bxc4 Nbd7 9. O-O Nb6 10. Bb3 Nbd5 11. Ne5 c6 12. Re1 Be6 13. Bg5 Re8 14. Qf3 Nc7 15.
Bc2 Nfd5 16. Bxe7 Qxe7 17. Rad1 Qf6 18. Qh5 g6 19. Qh6 Bf5 20. Ne4 Qg7 21. Qh4 Re6 22. Bb3 Bxe4 23. Rxe4 Rae8 24. Rde1 f6 25. Nd3 Kf8 26.
f3 f5 27. Re5 Rxe5 28. Rxe5 Rxe5 29. Nxe5 Qe7 30. Qh6+ Ke8 31. h4 c5 32. Qd2 b5 33.
f4 c4 34. Bd1 Qxh4 35. Nf3 Qxf4 0-1

[Event "Early-Titled-Tuesday-Blitz-October-03-2023"]
[Site "Chess.com"]
[Date "2023.10.03"]
[Round "7"]
[White "Khromkin"]
[Black "NovozhilovSemen"]
[Result "0-1"]
[WhiteElo "2456"]
[BlackElo "2595"]
[TimeControl "180+1"]
[EndTime "9:19:36 PDT"]
[Termination "NovozhilovSemen won on time"]

1. d4 Nf6 2. c4 e6 3. Nf3 d5 4.
Nc3 Bb4 5. Qa4+ Nc6 6. Bd2 O-O 7. e3 Bd7 8. Qc2 Re8 9. Rd1 Qe7 10. a3 Bxc3 11.
Bxc3 Ne4 12. Bd3 Nxc3 13. bxc3 h6 14. cxd5 exd5 15. Qa2 Be6 16. O-O Na5 17. Ne5 c5 18. Bb1 cxd4 19. exd4 Rac8 20. Rd3 Bf5 21. Rf3 Bxb1 22.
Qxb1 f6 23. Nd3 Nc4 24. Qb5 Qd6 25. Rg3 Re7 26. a4 a6 27. Qb4 Qc7 28. Nf4 a5 29. Qc5 Qxc5 30. dxc5 Rxc5 31. Rd3 Nb6 32. Rfd1 g5 33.
Nh5 Kf7 34. h4 Kg6 35. Ng3 Rec7 36. h5+ Kh7 37. Rf3 R7c6 38. Re1 Nc8 39. Ree3 Rc4 40. Nf5 Rf4 41. Rxf4 gxf4 42. Rd3 Nb6 43. Nd4 Rc4 44. Ne6 Rxa4 45. Rd1 Rc4 0-1

[Event "Early-Titled-Tuesday-Blitz-October-03-2023"]
[Site "Chess.com"]
[Date "2023.10.03"]
[Round "7"]
[White "Galileo22"]
[Black "Denis_Makhnyov"]
[Result "1-0"]
[WhiteElo "2693"]
[BlackElo "2915"]
[TimeControl "180+1"]
[EndTime "9:19:37 PDT"]
[Termination "Galileo22 won on time"]

1. d4 d5 2. c4 e6 3. Nf3 c6 4. g3 dxc4 5. Bg2 b5 6. Ne5 Bb7 7. O-O Nf6 8. a4 a6 9. b3 cxb3 10. Qxb3 Be7 11. Nd2 Qxd4 12. Ndf3 Qxa1 13. Nxf7 O-O 14.
Qxe6 Nbd7 15. N3g5 Rxf7 16. Qxf7+ Kh8 17. Qxe7 Qxa4 18.
Bb2 Re8 19. Qd6 Qa2 20. Bxf6 Nxf6 21. Qc7 Ba8 22. e3 h6 23. Nf7+ Kg8 24. Nd6 Rf8 25.
Nf5 Qf7 26. Qd6 Nd5 27. e4 Nc3 28. Re1 a5 29. Ne7+ Kh7 30. Nf5 b4 31. Nd4 1-0

[Event "Early-Titled-Tuesday-Blitz-October-03-2023"]
[Site "Chess.com"]
[Date "2023.10.03"]
[Round "7"]
[White "verrbaa"]
[Black "MokshAD1603"]
[Result "0-1"]
[WhiteElo "2462"]
[BlackElo "2608"]
[TimeControl "180+1"]
[EndTime "9:19:37 PDT"]
[Termination "MokshAD1603 won on time"]

1. Nf3 b6 2. g3 Bb7 3. Bg2 g6 4. O-O Bg7 5. c4 Nf6 6. Nc3 O-O 7. d4 Ne4 8. Bd2 d6 9. Rc1 Nxd2 10. Qxd2 Nd7 11.
e4 e5 12. d5 f5 13. b4 a5 14. a3 axb4 15. axb4 Nf6 16. exf5 gxf5 17. Ng5 Bh6 18. f4 Bc8 19. c5 bxc5 20. bxc5 Ra5 21. Nce4 Ra6 22. Nxf6+ Qxf6 23. cxd6 cxd6 24. Rc7 Bxg5 25.
fxg5 Qd8 26. Rfc1 Ra8 27. g6 f4 28. gxh7+ Kh8 29. gxf4 Rxf4 30. Qe3 Bf5 31. R7c6 Rg4 32. h3 Rg7 33. Kh2 Ra2 34. Rg1 Qh4 35. Rxd6 Kxh7 36.
Qf3 Be4 0-1